 Dungeon Crawl Stone Soup version 0.31-a0-1576-ga3383bade6 (webtiles) character file.

Game seed: 14809632592861680907

4146 monsoonserge the Artisan of Death (level 10, -7/71 HPs)
             Began as a Mummy Necromancer on Jan 5, 2024.
             Was a Priest of Kikubaaqudgha.
             Mangled by an ogre
             ... wielding a +0 giant club
              (27 damage)
             ... on level 7 of the Dungeon.
             The game lasted 00:42:21 (9233 turns).

monsoonserge the Artisan of Death (MuNe)            Turns: 9233, Time: 00:42:22

Health: -7/71      AC:  7    Str: 12    XL:     10   Next: 7%
Magic:  5/29       EV: 13    Int: 19    God:    Kikubaaqudgha [***...]
Gold:   341        SH:  0    Dex: 12    Spells: 6/22 levels left

rFire   . . .        d - +4 great sword
rCold   + . .        (shield currently unavailable)
rNeg    + + +        k - +2 robe {rF+}
rPois   ∞            r - +0 helmet
rElec   .            v - +0 cloak
rCorr   .            m - +0 pair of gloves
SInv    .            (no boots)
Will    ++...        (no amulet)
Stlth   ++           n - ring of Kol Noc {rPois Will+}
HPRegen 0.31/turn    p - ring of magical power
MPRegen 0.21/turn

%: faith
@: animating dead
A: cold resistance 1, negative energy resistance 3, torment resistance 2, heat
vulnerability 1, in touch with death 1, no potions, faith
a: Renounce Religion, Unearth Wretches


You were on level 7 of the Dungeon.
You worshipped Kikubaaqudgha.
Kikubaaqudgha was most pleased with you.
You visited 2 branches of the dungeon, and saw 10 of its levels.
You also visited: Sewer.

You collected 341 gold pieces.

Inventory:

Hand Weapons
 d - a +4 great sword (weapon)
 f - a +2 rapier of freezing
 t - a +0 long sword of electrocution
 u - a +4 quarterstaff of venom
Missiles
 b - 5 boomerangs (quivered)
 l - 16 poisoned darts
 q - 2 curare-tipped darts
Armour
 k - a +2 robe of fire resistance (worn)
 m - a +0 pair of gloves (worn)
 r - a +0 helmet (worn)
 v - a +0 cloak (worn)
Magical Staves
 i - a staff of earth
Jewellery
 n - the ring of Kol Noc (left hand) {rPois Will+}
   (You found it on level 5 of the Dungeon)

   [ring of willpower]

   rPois:     It protects you from poison Will+: It increases your willpower.
 p - a ring of magical power (right hand)
 y - a +6 ring of dexterity
 z - a ring of willpower
Wands
 o - a wand of charming (10)
Scrolls
 a - a scroll of revelation
 c - 2 scrolls of enchant weapon
 e - a scroll of immolation
 g - 2 scrolls of teleportation
 h - a scroll of poison {unknown}
 j - 4 scrolls of enchant armour {unknown}
 s - 2 scrolls of fog
 w - 2 scrolls of amnesia
 x - a scroll of butterflies {unknown}
 A - a scroll of fear {unknown}


   Skills:
 + Level 4.0 Fighting
 - Level 4.1 Short Blades
 + Level 0.7(2.6) Long Blades
 - Level 2.0 Staves
 + Level 1.1 Throwing
 - Level 2.1 Armour
 + Level 4.6 Dodging
 - Level 2.0 Stealth
 + Level 6.8 Spellcasting
 - Level 2.0 Summonings
 + Level 9.8 Necromancy
 - Level 1.0 Evocations


You had 6 spell levels left.
You knew the following spells:

 Your Spells              Type           Power      Damage    Failure   Level
a - Necrotise             Necr           100%       1d9       1%          1
b - Vampiric Draining     Necr           60%        2d10      1%          3
c - Animate Dead          Necr           60%        N/A       1%          4
d - Dispel Undead         Necr           60%        3d21      1%          4
e - Martyr's Knell        Necr/Summ      43%        N/A       9%          4

Your spell library contained the following spells:

 Spells                   Type           Power      Damage    Failure   Level
 Kiss of Death            Conj/Necr      100%       2d13      1%          1
 Fugue of the Fallen      Necr           60%        N/A       1%          3
 Cigotuvi's Dreadful Rot  Necr/Alch/Air  56%        N/A       4%          2
 Curse of Agony           Necr           60%        N/A       4%          5
 Apportation              Tloc           12%        N/A       11%         1
 Jinxbite                 Hex            12%        N/A       16%         2
 Scorch                   Fire           12%        2d5       16%         2
 Death Channel            Necr           30%        N/A       28%         6
 Inner Flame              Hex/Fire       6%         N/A       30%         3
 Ozocubu's Armour         Ice            6%         N/A       30%         3
 Tukima's Dance           Hex            6%         N/A       30%         3
 Borgnjor's Vile Clutch   Necr/Erth      18%        N/A       36%         5
 Dimensional Bullseye     Hex/Tloc       3%         N/A       71%         4
 Flame Wave               Conj/Fire      6%         2d5       71%         4
 Iskenderun's Mystic Bla  Conj/Tloc      6%         2d4       71%         4
 Manifold Assault         Tloc           6%         N/A       71%         4
 Passage of Golubria      Tloc           6%         N/A       71%         4
 Alistair's Intoxication  Alch           4%         N/A       96%         5
 Irradiate                Conj/Alch      3%         3d12      96%         5
 Silence                  Hex/Air        3%         N/A       96%         5
 Summon Cactus Giant      Summ           7%         N/A       100%        6
 Ignition                 Fire           3%         3d4       100%        8
 Lehudib's Crystal Spear  Conj/Erth      3%         10d2      100%        8


Dungeon Overview and Level Annotations

Branches:
Dungeon (9/15)             Temple (1/1) D:4           Sewer (visited)
   Lair: D:8-11         Orc: D:9-12

Altars:
Ashenzari
Cheibriados
Dithmenos
Fedhas
Gozag
Hepliaklqana
Kikubaaqudgha
Makhleb
Nemelex Xobeh
Okawaru
Qazlal
Ru
Sif Muna
Trog
Uskayaw
Vehumet
Wu Jian
Xom
Yredelemnul

Shops:
D:3 =   D:6 [   D:7 !

Annotations:
D:8 1 runed translucent door


Innate Abilities, Weirdness & Mutations

You are immune to poison.
Your flesh is cold resistant. (rC+)
You are immune to negative energy. (rN+++)
You are immune to unholy pain and torment.
You are vulnerable to heat. (rF-)
You are in touch with the powers of death.
You do not drink.
You have a special connection with the divine. (Faith)


Message History

Aim: an ogre, wielding a +0 giant club (heavily wounded)
You feel a surge of power!
You draw life force from the ogre!
You feel life coursing into your body. The ogre barely misses you.
Unknown command.
Casting: Vampiric Draining (safe; 1% risk of failure)
Confirm with . or Enter, or press ? or * to list all spells.
Aiming: Vampiric Draining (safe; 1% risk of failure)
Press: ? - help, Shift-Dir - straight line, f/p - ogre
Aim: an ogre, wielding a +0 giant club (almost dead)
You feel a surge of power!
You draw life force from the ogre!!
You kill the ogre!
Kikubaaqudgha accepts your kill.
You feel life coursing into your body.
The dead are walking!
The ogre hits you with a +0 giant club!
Casting: Vampiric Draining (safe; 1% risk of failure)
Confirm with . or Enter, or press ? or * to list all spells.
Aiming: Vampiric Draining (safe; 1% risk of failure)
Press: ? - help, Shift-Dir - straight line, f - ogre
Aim: an ogre, wielding a +0 giant club (ally target)
You feel a surge of power!
You draw life force from the ogre!
You feel life coursing into your body.
The ogre hits you with a +0 giant club!!
* * * LOW HITPOINT WARNING * * *
Casting: Vampiric Draining (safe; 1% risk of failure)
Confirm with . or Enter, or press ? or * to list all spells.
Aiming: Vampiric Draining (safe; 1% risk of failure)
Press: ? - help, Shift-Dir - straight line, f/p - ogre
Aim: an ogre, wielding a +0 giant club (moderately wounded, ally target)
You feel a surge of power!
You draw life force from the ogre!
You feel life coursing into your body.
Casting: Vampiric Draining (safe; 1% risk of failure)
Confirm with . or Enter, or press ? or * to list all spells.
Aiming: Vampiric Draining (safe; 1% risk of failure)
Press: ? - help, Shift-Dir - straight line, f/p - ogre
Aim: an ogre, wielding a +0 giant club (severely wounded, ally target)
You feel a surge of power!
You draw life force from the ogre!
You feel life coursing into your body.
The ogre hits you with a +0 giant club!!
You die...
Kikubaaqudgha rasps: "You have failed me!
Welcome... oblivion!"

#......###......).....
##...#..##......)...#.
####...##..........##
##...##...........#
#.>...#............
##[....#...#....##..
#.........###..###.#
##..Z....#.. ..####.#
#...@)...... .##.....
#.###O###.#. .##.....
#. ... .# #...#.. #.
5..# . .#.##... #.
..... ........ #.
...#.. #....... #.
...#... ....... .###
#. .##... ###..


You could see an ogre (ally target), a shadow imp and a friendly ogre zombie.

Vanquished Creatures
  A two-headed ogre (D:6)
  Sigmund (D:3)
  A yak (D:8)
  A nameless horror (D:8)
  3 orc warriors
  An ice beast (D:5)
  A black bear (D:5)
  A crocodile (Sewer)
  An ogre (D:7)
  2 centaurs
  Blork the orc (D:6)
  2 bullfrogs
  2 kobold brigands (Sewer)
  A brain worm (Sewer)
  7 scorpions
  7 wights
  4 killer bees (D:8)
  A howler monkey (D:8)
  3 jellies
  2 hounds (D:6)
  Crazy Yiuf (D:4)
  6 orc priests
  2 sleepcaps
  6 orc wizards
  Natasha (D:4)
  3 iguanas (D:5)
  3 gnolls (D:4)
  5 adders
  3 river rats (Sewer)
  A shadow imp (D:8)
  A ribbon worm (D:6)
  4 dart slugs
  28 orcs
  4 endoplasms
  7 giant cockroaches
  3 goblins
  5 hobgoblins
  5 jackals
  9 kobolds
  6 quokkas
  8 ball pythons
  3 bats
  3 frilled lizards
  8 rats
168 creatures vanquished.

Vanquished Creatures (collateral kills)
  An ice beast (D:9)
  A wight (D:6)
  An orc wizard (D:8)
  An adder (Sewer)
  A river rat (Sewer)
  8 orcs
  2 bats (D:1)
  A jackal (Sewer)
  A ball python (Sewer)
  A rat (Sewer)
18 creatures vanquished.

Vanquished Creatures (others)
  2 kobold zombies (Sewer)
  A hound zombie (D:6)
  A ribbon worm zombie (D:6)
  A jelly zombie (D:6)
  A frilled lizard zombie (Sewer)
  2 giant cockroach zombies (D:6)
  A jackal zombie (Sewer)
  6 orc zombies
15 creatures vanquished.

Grand Total: 201 creatures vanquished

Notes
Turn   | Place    | Note
-------+----------+-------------------------------------------
     0 | D:1      | monsoonserge the Mummy Necromancer began the quest for the
                  | Orb.
     0 | D:1      | Reached XP level 1. HP: 13/13 MP: 4/4
   255 | D:1      | Reached XP level 2. HP: 13/19 MP: 1/5
  1133 | D:2      | Reached XP level 3. HP: 24/24 MP: 5/7
  1134 | D:2      | Noticed Sigmund
  1883 | D:3      | Reached skill level 1 in Armour
  1938 | D:3      | Learned a level 3 spell: Vampiric Draining
  1986 | D:3      | Killed Sigmund
  1987 | D:3      | Reached skill level 5 in Necromancy
  1987 | D:3      | Reached XP level 4. HP: 21/31 MP: 2/9
  1987 | D:3      | Reached XP level 5. HP: 25/36 MP: 2/10
  2224 | D:3      | Found an iron altar of Okawaru.
  2232 | D:3      | Found Ywat's One-of-a-Kind Rings.
  2530 | D:4      | Reached skill level 1 in Fighting
  2530 | D:4      | Reached skill level 1 in Short Blades
  2530 | D:4      | Reached XP level 6. HP: 33/43 MP: 2/12
  2710 | D:4      | Found a staircase to the Ecumenical Temple.
  2733 | Temple   | Entered the Ecumenical Temple
  2764 | Temple   | Became a worshipper of Kikubaaqudgha
  3247 | D:4      | Noticed Natasha
  3259 | D:4      | Killed Natasha
  3319 | D:4      | Found a runed translucent door.
  3320 | D:4      | Noticed Crazy Yiuf
  3455 | D:5      | Entered Level 5 of the Dungeon
  3493 | D:5      | Noticed an ice beast
  3506 | D:5      | Killed an ice beast
  3507 | D:5      | Reached skill level 6 in Necromancy
  3507 | D:5      | Reached XP level 7. HP: 48/48 MP: 7/13
  3566 | D:5      | Identified the ring of Kol Noc {rPois Will+}
  3644 | D:5      | Reached * piety under Kikubaaqudgha
  3644 | D:5      | Received a gift from Kikubaaqudgha
  3660 | D:5      | Learned a level 4 spell: Animate Dead
  4045 | D:5      | Reached skill level 7 in Necromancy
  4045 | D:5      | Reached XP level 8. HP: 52/56 MP: 10/15
  4404 | D:6      | Found a glowing drain.
  4415 | Sewer    | Entered a sewer
  4760 | Sewer    | Reached skill level 5 in Spellcasting
  4760 | Sewer    | Reached skill level 1 in Evocations
  4942 | Sewer    | Reached ** piety under Kikubaaqudgha
  5576 | D:6      | HP: 2/57 [orc priest/divine providence (11)]
  5796 | D:6      | Reached skill level 8 in Necromancy
  6052 | D:6      | Noticed a two-headed ogre
  6063 | D:6      | Killed a two-headed ogre
  6064 | D:6      | Reached XP level 9. HP: 30/64 MP: 7/16
  6497 | D:6      | Reached skill level 9 in Necromancy
  6746 | D:6      | Noticed Blork the orc
  6757 | D:6      | Killed Blork the orc
  6758 | D:6      | Reached skill level 1 in Throwing
  6852 | D:6      | Found Qucawiv's Armour Shoppe.
  7111 | D:4      | Killed Crazy Yiuf
  7270 | D:7      | Found Meoz's Distillery.
  7349 | D:7      | Learned a level 4 spell: Dispel Undead
  7354 | D:7      | Learned a level 4 spell: Martyr's Knell
  7409 | D:7      | Noticed a nameless horror
  7458 | D:8      | Reached *** piety under Kikubaaqudgha
  7458 | D:8      | Received a gift from Kikubaaqudgha
  7711 | D:8      | Reached skill level 1 in Summonings
  7850 | D:8      | Reached skill level 1 in Staves
  8218 | D:8      | Found a shadowy altar of Dithmenos.
  8380 | D:8      | Noticed a tengu warrior
  8380 | D:8      | Noticed a meliai
  8380 | D:8      | Noticed a five-headed hydra
  8380 | D:8      | Found the +6 arbalest "Damnation" {damnation}
  8381 | D:8      | Found a runed translucent door.
  8383 | D:8      | Noticed a centaur warrior
  8383 | D:8      | Noticed a tengu warrior
  8383 | D:8      | Noticed a tengu conjurer
  8383 | D:8      | Noticed an orc knight
  8383 | D:8      | Noticed a manticore
  8383 | D:8      | Found the ring of the Tortoise {AC+8}
  8641 | D:9      | Noticed a polar bear
  8643 | D:9      | Noticed a rime drake
  8840 | D:8      | Killed a nameless horror
  9038 | D:7      | Reached XP level 10. HP: 71/71 MP: 19/19
  9233 | D:7      | Mangled by an ogre

Illustrated notes

Levels and vault maps discovered:
D:1:      roadster_arrival_rocket_small, layout_basic
D:2:      layout_basic, minmay_misc_feat_iff, uniq_sigmund
D:3:      layout_rooms, mainiacjoe_overflow_tiny_flanked, minmay_misc_feat_tiny,
          nicolae_shop_unique_rings
D:4:      layout_basic, minmay_temple_entry_sparse_star,
          uniq_crazy_yiuf_cottage, uniq_natasha
D:5:      layout_cave_pools, serial_column_ruins, column_ruins_hut,
          column_ruins_hut, column_ruins_open_tiny, column_ruins_open_small,
          column_ruins_open_tiny, column_ruins_columns_straight,
          column_ruins_columns_straight, column_ruins_open_medium,
          column_ruins_grid_3
D:6:      layout_basic, serial_shops, shop, cheibrodos_sewer_entry_drain,
          ebering_dispersal_statue_hall, uniq_blork_the_orc
D:7:      layout_cave_pools, serial_shops, shop, st_stairs_3, uniq_menkaure
D:8:      minmay_gate_of_8, layout_basic, mainiacjoe_overflow_catwalk
D:9:      layout_irregular_city, hellmonk_lair_entry_icy,
          gammafunk_ghost_berserking_beasts
Temple:   mainiacjoe_temple_big_plus

Skill      XL: |  1  2  3  4  5  6  7  8  9 10 |
---------------+-------------------------------+-----
Dodging        | 2 3 4 |  4.6
Spellcasting   | 3 4 5 6 |  6.8
Armour         | 2 |  2.1
Necromancy     | 5 6 7 8 9 |  9.8
Fighting       | 1 2 3 4 |  4.0
Short Blades   | 1 2 4 |  4.1
Stealth        | 2 |  2.0
Evocations     | 1 |  1.0
Throwing       | 1 |  1.1
Summonings     | 2 |  2.0
Staves         | 2 |  2.0
Long Blades    | |  0.7

Action                     |  1- 3 |  4- 6 |  7- 9 | 10-12 || total
---------------------------+-------+-------+-------+-------++-------
  Melee: Club              |     8 |       |       |       ||     8
         Whip              |     7 |       |       |       ||     7
         Rapier            |    14 |    78 |   196 |       ||   288
         Short sword       |     5 |       |       |       ||     5
         Punch             |     1 |       |     6 |       ||     7
         Quarterstaff      |       |       |    74 |       ||    74
         Long sword        |       |       |     5 |       ||     5
         Great sword       |       |       |     2 |     8 ||    10
  Throw: Boomerang         |     2 |       |    13 |       ||    15
         Dart              |       |       |     5 |       ||     5
   Cast: Necrotise         |    47 |    15 |    76 |       ||   138
         Vampiric Draining |     2 |    11 |    65 |     7 ||    85
         Animate Dead      |       |       |     7 |     1 ||     8
         Dispel Undead     |       |       |     3 |     3 ||     6
    Use: Scroll            |       |       |     7 |     1 ||     8
   Stab: Sleeping          |     1 |     2 |     2 |       ||     5
         Distracted        |       |       |     1 |       ||     1
 Armour: Robe              |     6 |    59 |   266 |    13 ||   344
         Ring mail         |    32 |       |       |       ||    32
  Dodge: Dodged            |    30 |    60 |   226 |    14 ||   330

Table legend: (Time is in decaauts)
 A = Elapsed time spent in this place.
 B = Non-inter-level travel time spent in this place.
 C = Inter-level travel time spent in this place.
 D = Time resting spent in this place.
 E = Time spent auto-exploring this place.
 F = Levels seen in this place.
 G = Mean time per level.
                   A        B        C        D        E       F      G
               +--------+--------+--------+--------+--------+-----+--------+
         Total |   9457 |   9013 |    444 |   1404 |   4873 |  11 |  859.7 |
       Dungeon |   8255 |   7870 |    385 |   1304 |   4286 |   9 |  917.2 |
        Temple |     61 |      2 |     59 |      0 |      0 |   1 |   61.0 |
         Sewer |   1140 |   1140 |      0 |    100 |    587 |   1 | 1140.0 |
               +--------+--------+--------+--------+--------+-----+--------+

Top non-repeatable levels by time:
     D:6: 1540 daAuts
     D:8: 1341 daAuts
     D:5: 1155 daAuts
     D:1: 1144 daAuts
   Sewer: 1140 daAuts
     D:4: 1074 daAuts
     D:2: 753 daAuts
     D:3: 597 daAuts
     D:7: 465 daAuts
     D:9: 183 daAuts
  Temple: 61 daAuts
